 Dungeon Crawl Stone Soup version 0.16-a0-1029-gdfc7942 (webtiles) character file.

110870 RobertPalmer the Blocker (level 16, 0/81 HPs)
             Began as an Octopode Gladiator on Oct 1, 2014.
             Was an Elder of Qazlal.
             Succumbed to a deep elf mage's bolt of poison
             ... on level 4 of the Orcish Mines on Oct 4, 2014.
             The game lasted 02:22:22 (35347 turns).

RobertPalmer the Blocker (Octopode Gladiator)      Turns: 35347, Time: 02:22:22

HP   0/81        AC  9     Str 20      XL: 16   Next: 56%
MP  26/29        EV 22     Int 16      God: Qazlal [****..]
Gold 2083        SH 23     Dex 20      Spells:  5 memorised,  8 levels left

rFire  . . .     SeeInvis +     a - +6 morningstar (drain)
rCold  + . .     Clarity  .     l - +4 shield
rNeg   + . .     rCorr    .     c - +2 hat {MR+}
rPois  .         rRot     .     J - amulet of the gourmand
rElec  .         Spirit   .     i - +6 ring of protection
SustAb .         Warding  .     F - ring of protection from cold
rMut   .         Stasis   .     E - +6 ring of strength
Gourm  +                        m - ring of protection from magic
MR     ++++.                    g - ring of Shadows {Umbra +Inv rN+ SInv}
                                C - ring of protection from magic
                                L - ring of see invisible
                                p - +6 ring of dexterity

@: lethally poisoned, wreathed by umbra, repel missiles, incredibly resistant to
hostile enchantments, unstealthy
A: almost no armour, amphibious, 8 rings, constrict 8, tentacle spike 1,
camouflage 1, frail 1, spit poison 1, gelatinous body 1
a: Spit Poison, Upheaval, Elemental Force, Renounce Religion, Evoke Invisibility


You were on level 4 of the Orcish Mines.
You worshipped Qazlal.
Qazlal was greatly pleased with you.
You were not hungry.

You visited 6 branches of the dungeon, and saw 32 of its levels.
You also visited: Volcano.

You collected 2944 gold pieces.
You spent 861 gold pieces at shops.


Innate Abilities, Weirdness & Mutations

You cannot wear most types of armour.
You are amphibious.
You can wear up to eight rings at the same time.
You can use your tentacles to constrict many enemies at once.
Your skin changes colour to match your surroundings (Stealth).
Your rubbery body absorbs attacks (AC +1).
One of your tentacles bears a spike.
You are frail (-10% HP).
You can spit poison.


   Skills:
 - Level 2.0 Fighting
 - Level 14.0 Maces & Flails
 - Level 2.0 Throwing
 - Level 11.3 Dodging
 - Level 15.0 Shields
 + Level 2.3 Spellcasting
 - Level 13.0 Summonings
 - Level 9.1 Invocations
 - Level 10.0 Evocations


You had 8 spell levels left.
You knew the following spells:

 Your Spells              Type           Power        Failure   Level  Hunger
w - Abjuration            Summ           #####.....   1%          3    ####...
y - Corpse Rot            Necr           N/A          30%         2    ##.....
z - Magic Dart            Conj           #...         21%         1    #......
R - Summon Butterflies    Summ           #####...     1%          1    #......
Z - Summon Lightning Spi  Summ/Air       ###.....     14%         4    #####..

Inventory:

Hand weapons
 a - a +6 morningstar of draining (weapon)
 b - a +0 blowgun
Missiles
 B - 2 throwing nets (quivered)
 O - 5 curare-tipped needles
Armour
 c - a +2 hat of magic resistance (worn)
 l - a +4 shield (worn)
Magical devices
 M - a wand of slowing (2)
 Q - a wand of heal wounds (0) {!d}
 S - a wand of teleportation (4) {!d}
 Z - a wand of digging (10)
Comestibles
 f - 9 bread rations
 q - 9 meat rations
 u - 6 beef jerkies
 x - 8 slices of pizza
 A - 21 fruits
Scrolls
 j - 5 scrolls of fog
 o - a scroll of blinking
 z - a scroll of enchant weapon
 G - a scroll of vulnerability
 I - 4 scrolls of remove curse
 K - a scroll of fear
 N - 4 scrolls of amnesia
 X - 2 scrolls of identify
 Y - 8 scrolls of magic mapping
Jewellery
 g - the ring of Shadows (on tentacle) {Umbra +Inv rN+ SInv}
   (You found it on level 9 of the Dungeon)

   [ring of invisibility]

   It protects you from negative energy.
   It enhances your eyesight.
   It lets you turn invisible.
 i - a +6 ring of protection (left tentacle)
 m - a ring of protection from magic (on tentacle)
 p - a +6 ring of dexterity (on tentacle)
 v - an uncursed ring of teleport control
 C - a ring of protection from magic (on tentacle)
 E - a +6 ring of strength (on tentacle)
 F - a ring of protection from cold (right tentacle)
 J - an amulet of the gourmand (around mantle)
 L - a ring of see invisible (on tentacle)
 T - an uncursed ring of teleportation
Potions
 d - a potion of berserk rage
 e - 3 potions of brilliance
 n - a potion of cancellation
 r - 2 potions of restore abilities
 t - 3 potions of heal wounds
 w - a potion of magic
 D - a potion of invisibility
 H - 4 potions of curing
 P - 2 potions of might
 R - a potion of haste
 U - a potion of porridge
 W - a potion of flight
Books
 h - a book of Beasts
 y - a book of Death
 V - a book of Callings
Miscellaneous
 s - a fan of gales

Dungeon Overview and Level Annotations

Branches:
Dungeon (15/15)            Temple (1/1) D:7             Orc (4/4) D:11
    Elf (1/3) Orc:4          Lair (8/8) D:10          Swamp (3/5) Lair:6
 Spider (0/5) Lair:5        Slime (0/6) Lair:6       Vaults (0/5) D:13
 Depths (0/5) D:15

Altars:
Ashenzari
Cheibriados
Dithmenos
Elyvilon
Fedhas
Gozag
Kikubaaqudgha
Makhleb
Nemelex Xobeh
Okawaru
Qazlal
Ru
Sif Muna
Trog
Vehumet
Xom
Yredelemnul
Zin
The Shining One
Jiyva

Shops:
D:6 }*((}   D:8 }   D:10 ?   D:13 !   Orc:2 *   Orc:4 [*:(

Annotations:
D:3 Masty's ghost, average DDAs
D:5 aredel's ghost, experienced GrFi
D:7 braks' ghost, experienced OgAM

##.#......##....))))).#..
####....##).............
##.[....[.............
##..[.[.[[....###......
##.....[.......####.....
##..............)[#....#.
#..................#..#..
#....[.....(....#........
##......@.......#........
##.................#.....
#......................(.
##..........(...........(#
#...........(........§..(#
#........(...(..)....#....
#........(.(.(......#.§...
#.......(.....(........###
##....<..............[.##.


There were no monsters in sight!


Message History

Qazlal accepts your kill.
You feel sick.
You see here a runed cutlass.
You start resting.
A deep elf knight and a deep elf mage come into view.
There are monsters nearby!
There are monsters nearby!
Unknown command.
The deep elf knight casts a spell.
The deep elf knight seems to speed up.
Things that are here:
a short sword; an elf corpse You feel sick.
The deep elf knight points at you and mumbles some strange words.
The magic dart hits you!
* * * LOW HITPOINT WARNING * * *
Things that are here:
a scimitar; a leather armour; an elf corpse The deep elf mage points at you and mumbles some strange words.
You block the shard of ice.
A deep elf conjurer comes into view. It is wielding a short sword.
Items here: ( ))) a scimitar; a shortbow; a cutlass; 21 arrows The deep elf knight casts a spell at you.
The magic dart hits you!
* * * LOW HITPOINT WARNING * * *
There is a staircase back to the Mines here.
You see here 5 arrows.
You climb upwards.
Welcome back to the Orcish Mines!
You die...

Action                   |  1- 3 |  4- 6 |  7- 9 | 10-12 | 13-15 | 16-18 || total
-------------------------+-------+-------+-------+-------+-------+-------++-------
Melee: Flail             |    65 |    58 |   157 |       |       |       ||   280
       Morningstar       |       |       |   300 |   810 |  1544 |   354 ||  3008
 Fire: Blowgun           |       |       |       |    47 |     3 |       ||    50
Throw: Throwing net      |     2 |     3 |     2 |    11 |     6 |       ||    24
 Cast: Corpse Rot        |       |       |       |       |     2 |     4 ||     6
       Abjuration        |       |       |       |       |     2 |       ||     2
       Summon Butterflie |       |       |       |       |     2 |       ||     2
       Summon Lightning  |       |       |       |       |       |     2 ||     2
Invok: Upheaval          |       |       |       |       |    27 |    13 ||    40
       Elemental Force   |       |       |       |       |    10 |       ||    10
 Abil: Evoke Invisibilit |       |       |       |     6 |     3 |       ||     9
       Turn Visible      |       |       |       |     3 |     1 |       ||     4
       Spit Poison       |       |       |       |     1 |       |       ||     1
Evoke: Wand              |       |    10 |    38 |    29 |    22 |     3 ||   102
  Use: Scroll            |     3 |     7 |    11 |    16 |    21 |     7 ||    65
       Potion            |       |       |    16 |     2 |     4 |       ||    22
 Stab: Sleeping          |     4 |     1 |     6 |     3 |       |       ||    14
       Held in net/web   |       |     1 |     1 |     8 |     2 |       ||    12
       Distracted        |       |       |     1 |     3 |     3 |       ||     7
       Invisible         |       |       |       |    26 |     6 |       ||    32
       Confused          |       |       |       |       |     1 |       ||     1
  Eat: Chunk             |       |     4 |    16 |    37 |    44 |    13 ||   114
       Royal jelly       |       |       |     1 |     1 |     1 |       ||     3
       Pizza             |       |       |     1 |       |       |       ||     1
       Beef jerky        |       |       |       |       |       |     2 ||     2

Vault maps used:
D:1:      ncdulo_watergridlock
D:2:      minmay_gold_behind_plants, uniq_terence
D:3:      nicolae_overflow_hidden_temple, first_bread, mrwooster_statue_mirror
D:4:      overflow_temple_1_default, kennysheep_mini, makhleb_heckhound_becter,
          uniq_menkaure, uniq_duvessa, uniq_sigmund
D:5:      lemuel_doored_altar, minmay_misc_feat_chi
D:6:      serial_shops, shop_fountains, shop, kennysheep_mini_moat, shop, shop,
          uniq_blork_the_orc, uniq_iyjb
D:7:      fedhas_altar_3, zin_academy, minmay_temple_entry_junction,
          uniq_crazy_yiuf_cottage
D:8:      serial_shops, shop, grunt_pizzeria
D:9:      kennysheep_little_box, uniq_grum
D:10:     dpeg_lair_monsters, serial_shops,
          nicolae_shop_competitors_out_of_business, st_stairs_1
D:11:     david_orc_2, uniq_erolcha, uniq_maurice, uniq_sonja
D:12:     basic_altar, jmf_multi_god_temple
D:13:     hangedman_vaults_entry_quadrant_bands, serial_shops, shop,
          serial_corexii_hall, corexii_hall_statues_t, corexii_hall_statues_x
D:15:     grunt_enter_depths_magical_seal, hangedman_abyss_or_decor_stagger
Temple:   minmay_freezing_vapour_temple_12
Orc:1:    mines4_lemuel
Orc:2:    serial_shops, shop, uniq_gastronok
Orc:3:    nicolae_orc_pool_cavern
Orc:4:    grunt_orc_gardens, grunt_orc_garden, grunt_orc_garden,
          grunt_orc_garden, grunt_orc_garden, mines2_lemuel, uniq_joseph
Elf:1:    elf_arrival_002, serial_shops, shop_fountains, evilmike_minifort,
          lemuel_flamethrower_3, grunt_megastairs_3, uniq_snorg
Lair:1:   beast_lair_carwin_large_1, enter_volcano_1, st_stairs_7,
          serial_bayou_shore_b
Lair:2:   uniq_fannar
Lair:3:   serial_bayou_lagoon_a, serial_bayou_pond_d, beast_lair_carwin_5,
          serial_bayou_shore_a, uniq_erica
Lair:4:   wad_woods_structure_01, uniq_harold
Lair:5:   spider_nest_entry_web_field, minivault_29
Lair:6:   swamp_mist_pool, slime_altar_1, st_stairs_12, serial_bayou_pond_d,
          lookout_lair_type
Lair:7:   wad_woods_river_01, lemuel_fruit_tree
Lair:8:   grunt_lair_end_beastmaster, serial_forest, infiniplex_forest_corner_2,
          infiniplex_forest_clump_curved, infiniplex_forest_end_2,
          infiniplex_forest_clump_small, infiniplex_forest_corner_1,
          infiniplex_forest_straight_2, nicolae_quartered_pool_super,
          guppyfry_lair_drakes
Swamp:1:  hangedman_swamp_ruin_wall
Swamp:2:  evilmike_swamp_ruin_house_4
Swamp:3:  evilmike_swamp_ruin_rubble_2, infiniplex_staircase_pool
Volcano:  volcano_lake

Notes
Turn   | Place    | Note
--------------------------------------------------------------
     0 | D:1      | RobertPalmer, the Octopode Gladiator, began the quest for the Orb.
     0 | D:1      | Reached XP level 1. HP: 14/14 MP: 1/1
   154 | D:1      | Reached XP level 2. HP: 16/19 MP: 2/2
   712 | D:2      | Reached skill level 4 in Maces & Flails
   712 | D:2      | Reached XP level 3. HP: 24/24 MP: 3/3
   722 | D:2      | Noticed Terence
   736 | D:2      | Killed Terence
   962 | D:2      | Reached XP level 4. HP: 29/29 MP: 4/4
  1029 | D:2      | Reached skill level 5 in Maces & Flails
  1646 | D:3      | Noticed Masty's ghost (average DDAs)
  1787 | D:3      | Found a sparkling altar of Nemelex Xobeh.
  1841 | D:4      | Noticed an ogre
  1858 | D:4      | Killed an ogre
  1858 | D:4      | Reached skill level 6 in Maces & Flails
  1858 | D:4      | Reached XP level 5. HP: 34/34 MP: 5/5
  1879 | D:4      | Found a glowing golden altar of the Shining One.
  1917 | D:4      | Found a snail-covered altar of Cheibriados.
  1939 | D:4      | Noticed Menkaure
  1952 | D:4      | Killed Menkaure
  1952 | D:4      | Reached skill level 7 in Maces & Flails
  1952 | D:4      | Reached XP level 6. HP: 36/39 MP: 6/6
  1970 | D:4      | Noticed Duvessa
  1970 | D:4      | Noticed Dowan
  1970 | D:4      | Noticed Sigmund
  1981 | D:5      | Entered Level 5 of the Dungeon
  2114 | D:4      | Noticed an ogre
  2234 | D:4      | Reached XP level 7. HP: 39/45 MP: 7/7
  2285 | D:4      | Found a burning altar of Makhleb.
  2293 | D:4      | Reached skill level 8 in Maces & Flails
  2611 | D:4      | Killed an ogre
  2875 | D:4      | Killed Sigmund
  2993 | D:4      | Killed Dowan
  2997 | D:4      | Killed Duvessa
  3380 | D:5      | Reached skill level 9 in Maces & Flails
  3453 | D:5      | Reached XP level 8. HP: 38/50 MP: 8/8
  3729 | D:5      | Found a sacrificial altar of Ru.
  3915 | D:5      | Noticed aredel's ghost (experienced GrFi)
  4035 | D:5      | Identified a wand of heal wounds {zapped: 1} (You took it off Duvessa on level 4 of the Dungeon)
  4097 | D:6      | Found Egaimich's Gadget Shoppe.
  4145 | D:6      | Noticed Blork the orc
  4153 | D:6      | Killed Blork the orc
  4153 | D:6      | Reached skill level 4 in Dodging
  4171 | D:6      | Found Lihai's Antique Weapon Shoppe.
  4489 | D:6      | Reached skill level 5 in Dodging
  4491 | D:6      | Bought a wand of confusion (11) for 135 gold pieces
  4491 | D:6      | Bought a wand of draining (6) for 140 gold pieces
  4588 | D:6      | Noticed Ijyb
  4645 | D:6      | Killed Ijyb
  4646 | D:6      | Reached skill level 6 in Dodging
  4849 | D:6      | Found Wuomu's Weapon Emporium.
  4874 | D:6      | Bought a +0 morningstar for 56 gold pieces
  5001 | D:6      | Found Stihuw's General Store.
  5010 | D:6      | Bought a potion of curing for 26 gold pieces
  5019 | D:6      | Found Uppaol's Gadget Shop.
  5060 | D:6      | Reached skill level 10 in Maces & Flails
  5221 | D:6      | Reached XP level 9. HP: 38/54 MP: 9/9
  5553 | D:7      | Noticed braks' ghost (experienced OgAM)
  5712 | D:7      | Found a blossoming altar of Fedhas.
  5987 | D:7      | Reached skill level 7 in Dodging
  6108 | D:7      | Noticed Crazy Yiuf
  6115 | D:7      | Killed Crazy Yiuf
  6608 | D:7      | Found a glowing silver altar of Zin.
  6655 | D:7      | Found a staircase to the Ecumenical Temple.
  7003 | D:8      | Found Plaqat's Gadget Shoppe.
  7034 | D:8      | Reached skill level 8 in Dodging
  7524 | D:9      | Found an opulent altar of Gozag.
  7678 | D:9      | Identified a potion of resistance
  7679 | D:9      | Gained mutation: One of your tentacles bears a spike. [potion of mutation]
  7679 | D:9      | Gained mutation: You can spit poison. [potion of mutation]
  7679 | D:9      | Gained mutation: You are frail (-10% HP). [potion of mutation]
  7703 | D:9      | Reached skill level 9 in Dodging
  7834 | D:9      | Noticed Grum
  7849 | D:10     | Entered Level 10 of the Dungeon
  7937 | D:9      | Killed Grum
  7937 | D:9      | Reached XP level 10. HP: 40/54 MP: 10/10
  7987 | D:9      | Reached skill level 10 in Dodging
  8109 | D:9      | Noticed a komodo dragon
  8288 | D:8      | Identified Sif Muna's Handbook of Hexes and Attacks (You found it on level 8 of the Dungeon)
  8388 | D:8      | Upgraded the game from 0.16-a0-956-g65bd446 to 0.16-a0-1009-g0339a9e
  8430 | D:8      | Identified a wand of teleportation {zapped: 1} (You found it on level 8 of the Dungeon)
  8869 | D:7      | Reached skill level 11 in Maces & Flails
  9163 | D:7      | Reached skill level 1 in Evocations
  9257 | Temple   | Entered the Ecumenical Temple
  9261 | Temple   | Became a worshipper of Qazlal Stormbringer
  9547 | D:8      | Reached skill level 2 in Evocations
  9571 | D:8      | Reached skill level 3 in Evocations
  9940 | D:9      | Reached skill level 4 in Evocations
 10015 | D:9      | Reached skill level 5 in Evocations
 10568 | D:10     | Reached skill level 6 in Evocations
 10798 | D:10     | Reached skill level 7 in Evocations
 10825 | D:10     | Reached XP level 11. HP: 48/57 MP: 19/22
 10837 | D:10     | Reached skill level 8 in Evocations
 10899 | D:10     | Found Idwin's Magic Scroll Boutique.
 10908 | D:10     | Bought a scroll of teleportation for 45 gold pieces
 10908 | D:10     | Bought a scroll of identify for 30 gold pieces
 10908 | D:10     | Bought a scroll of remove curse for 45 gold pieces
 10908 | D:10     | Bought a scroll of teleportation for 45 gold pieces
 10957 | D:10     | Acquired Qazlal's first power
 11037 | D:10     | Found a staircase to the Lair.
 11211 | D:10     | Reached skill level 9 in Evocations
 11286 | D:10     | Noticed a hill giant
 11378 | D:10     | Killed a hill giant
 11513 | D:10     | Reached skill level 10 in Evocations
 11546 | Lair:1   | Entered Level 1 of the Lair of Beasts
 11743 | Lair:1   | Found a dark tunnel.
 11749 | Volcano  | Entered a volcano
 11923 | Lair:1   | Reached skill level 11 in Dodging
 12577 | D:11     | Noticed Sonja
 12580 | D:11     | Killed Sonja
 12600 | D:11     | Acquired Qazlal's second power
 12644 | D:11     | Noticed a hill giant
 12728 | D:11     | Noticed Erolcha
 12728 | D:11     | Reached skill level 12 in Maces & Flails
 12743 | D:11     | Noticed a hill giant
 12982 | D:11     | Noticed a hill giant
 12993 | D:11     | Killed a hill giant
 13490 | D:11     | Killed a hill giant
 13490 | D:11     | Reached skill level 2 in Shields
 13523 | D:11     | Killed a hill giant
 13523 | D:11     | Reached skill level 3 in Shields
 13671 | D:11     | Reached XP level 12. HP: 47/63 MP: 25/25
 13786 | D:11     | Killed Erolcha
 13786 | D:11     | Reached skill level 4 in Shields
 13953 | D:11     | Found a staircase to the Orcish Mines.
 13965 | D:11     | Reached skill level 5 in Shields
 14035 | D:11     | Noticed Maurice
 14039 | D:11     | Killed Maurice
 14039 | D:11     | Acquired Qazlal's third power
 14039 | D:11     | Reached skill level 6 in Shields
 14239 | D:11     | You fall through a shaft!
 14572 | Lair:1   | Reached skill level 7 in Shields
 15360 | Lair:1   | Reached skill level 8 in Shields
 15460 | Lair:2   | Reached skill level 9 in Shields
 15576 | Lair:2   | Noticed Fannar
 15596 | Lair:2   | Killed Fannar
 15981 | Lair:2   | Acquired Qazlal's fourth power
 16149 | Lair:3   | Reached skill level 10 in Shields
 16433 | Lair:3   | Noticed Erica
 16443 | Lair:3   | Killed Erica
 16801 | Lair:3   | Reached XP level 13. HP: 53/66 MP: 26/26
 17411 | Lair:4   | Reached skill level 11 in Shields
 17770 | Lair:4   | Acquired Qazlal's fifth power
 17770 | Lair:4   | Reached skill level 1 in Invocations
 17799 | Lair:4   | Reached skill level 2 in Invocations
 17815 | Lair:4   | Noticed Harold
 17836 | Lair:4   | Killed Harold
 17836 | Lair:4   | Reached skill level 4 in Invocations
 18260 | Lair:4   | Reached skill level 5 in Invocations
 18903 | Lair:5   | Reached skill level 6 in Invocations
 18925 | Lair:5   | Learned a level 1 spell: Summon Butterflies
 19029 | Lair:5   | Reached skill level 7 in Invocations
 19084 | Lair:5   | Found a hole to the Spider Nest.
 19401 | Lair:5   | Reached skill level 8 in Invocations
 19548 | Lair:5   | Reached skill level 9 in Invocations
 19560 | Lair:5   | Learned a level 2 spell: Corpse Rot
 19564 | Lair:5   | Learned a level 3 spell: Abjuration
 19566 | Lair:5   | Learned a level 1 spell: Magic Dart
 19911 | Lair:5   | Reached skill level 1 in Summonings
 20116 | Lair:6   | Found a staircase to the Slime Pits.
 20116 | Lair:6   | Found a viscous altar of Jiyva.
 20308 | Lair:6   | Found a staircase to the Swamp.
 21394 | Lair:7   | Reached skill level 12 in Shields
 21396 | Lair:7   | Reached XP level 14. HP: 72/72 MP: 27/27
 22056 | Lair:8   | Entered Level 8 of the Lair of Beasts
 22072 | Lair:8   | Reached skill level 13 in Shields
 22963 | Lair:8   | Reached skill level 14 in Shields
 24460 | D:12     | Noticed a storm dragon
 24472 | D:12     | Found an opulent altar of Gozag.
 24615 | Orc:1    | Entered Level 1 of the Orcish Mines
 24783 | Orc:2    | Found Wuam's General Store.
 24800 | Orc:2    | Noticed Gastronok
 24815 | Orc:2    | Killed Gastronok
 24815 | Orc:2    | Reached skill level 15 in Shields
 25121 | Orc:2    | Reached skill level 2 in Summonings
 25736 | Orc:4    | Entered Level 4 of the Orcish Mines
 25736 | Orc:4    | Noticed Joseph
 25739 | Orc:4    | Found a staircase to the Elven Halls.
 25755 | Orc:4    | Killed Joseph
 25755 | Orc:4    | Reached skill level 3 in Summonings
 26165 | Orc:4    | Reached skill level 4 in Summonings
 26186 | Orc:4    | Found Phackuucs' General Store.
 26229 | Orc:4    | Reached skill level 5 in Summonings
 26229 | Orc:4    | Reached XP level 15. HP: 76/76 MP: 23/28
 26338 | Orc:4    | Noticed an orc warlord
 26341 | Orc:4    | Reached skill level 6 in Summonings
 26773 | Orc:4    | Killed an orc warlord
 26773 | Orc:4    | Reached skill level 7 in Summonings
 26857 | Orc:4    | Found Tolir's Antique Armour Shop.
 26918 | Orc:4    | Found Vujeud's Book Shop.
 27024 | Orc:4    | Found Ghuath's Antique Weapon Emporium.
 27035 | Orc:4    | Bought a slimy flail for 297 gold pieces
 27037 | Orc:4    | Identified the cursed +0 flail of the Volcano {freeze, -Tele rF+ rC++} (You bought it in a shop on level 4 of the Orcish Mines)
 27597 | D:12     | Reached skill level 8 in Summonings
 27670 | D:12     | Noticed an ettin
 27675 | D:12     | Killed a storm dragon
 27681 | D:12     | Killed an ettin
 27694 | D:12     | Found a blossoming altar of Fedhas.
 27695 | D:12     | Found a glowing golden altar of the Shining One.
 27921 | D:12     | Reached skill level 9 in Summonings
 28353 | D:13     | Found Sicur's Distillery.
 28419 | D:13     | Bought a potion of heal wounds for 42 gold pieces
 28429 | D:13     | Upgraded the game from 0.16-a0-1009-g0339a9e to 0.16-a0-1029-gdfc7942
 28486 | D:13     | Reached skill level 10 in Summonings
 28489 | D:13     | Found a gate to the Vaults.
 29585 | D:15     | Entered Level 15 of the Dungeon
 29596 | D:15     | Reached skill level 11 in Summonings
 30304 | D:15     | Reached skill level 12 in Summonings
 30466 | D:15     | Reached XP level 16. HP: 71/81 MP: 29/29
 30852 | D:15     | Found a staircase to the Depths.
 31545 | Swamp:1  | Entered Level 1 of the Swamp
 31939 | Swamp:1  | Identified the Handbook of Augmentations (You found it on level 1 of the Swamp)
 32116 | Swamp:1  | Reached skill level 13 in Summonings
 32404 | Swamp:1  | Learned a level 4 spell: Summon Lightning Spire
 32487 | Swamp:1  | Reached skill level 13 in Maces & Flails
 33205 | Swamp:2  | HP: 5/81 [seven-headed hydra (8)]
 33794 | Swamp:2  | Noticed a thorn hunter
 34644 | Swamp:2  | Reached skill level 14 in Maces & Flails
 34778 | Swamp:1  | Reached skill level 1 in Spellcasting
 35183 | Elf:1    | Entered Level 1 of the Elven Halls
 35326 | Elf:1    | Reached skill level 2 in Spellcasting
 35345 | Elf:1    | HP: 1/81 [deep elf knight/magic dart (12)]
 35347 | Orc:4    | Succumbed to a deep elf mage's bolt of poison

Vanquished Creatures
  An orc warlord (Orc:4)
  An ettin (D:12)
  12 hydras
  Fannar (Lair:2)
  Harold (Lair:4)
  Erica (Lair:3)
  An ogre mage (D:15)
  5 death yaks (Lair:8)
  3 alligators
  2 tengu warriors
  4 centaur warriors
  A deep troll shaman (Lair:8)
  4 orc high priests (Orc:4)
  3 spriggans (Swamp:2)
  2 catoblepae
  A skeletal warrior (D:13)
  A deep elf knight (D:13)
  Erolcha (D:11)
  9 hill giants
  A wizard (D:15)
  A deep elf summoner (Elf:1)
  2 unseen horrors
  A lindwurm (Lair:8)
  3 orc knights (Orc:4)
  2 swamp dragons (Swamp:1)
  An ugly thing (D:11)
  5 cyclopes
  A griffon (Lair:6)
  A wolf spider (Lair:7)
  8 orc sorcerers
  9 elephants
  Maurice (D:11)
  20 spiny frogs
  Joseph (Orc:4)
  A black mamba (Lair:7)
  A queen ant (Lair:5)
  A naga mage (D:15)
  2 gargoyles
  2 tengu conjurers
  2 efreet
  11 komodo dragons
  6 fire drakes
  5 yaktaurs (D:13)
  3 baby alligators (Swamp:1)
  A deep elf priest (D:13)
  Sonja (D:11)
  2 polar bears
  5 trolls
  5 two-headed ogres
  3 giant leeches
  3 ravens
  6 blink frogs
  3 bog bodies
  13 slime creatures
  A hydra skeleton (D:10)
  A boulder beetle (Orc:4)
  4 basilisks
  41 yaks
  2 griffon skeletons
  3 water elementals
  An air elemental (Lair:8)
  2 shadows
  7 deep elf magi
  A wraith (D:15)
  6 hippogriffs
  4 wyverns
  15 vampire mosquitoes
  Grum (D:9)
  4 deep elf fighters (Elf:1)
  A fire elemental (Lair:8)
  2 hungry ghosts
  3 wargs
  A steam dragon (Lair:8)
  14 water moccasins
  6 swamp worms
  Menkaure (D:4)
  13 wolves
  21 soldier ants
  A mottled dragon (D:13)
  31 orc warriors
  17 porcupines
  4 necrophages
  2 phantoms
  5 swamp drakes
  3 yellow wasps (Swamp:2)
  4 ice beasts
  3 sky beasts
  4 black bears
  11 crocodiles
  A boring beetle (D:12)
  12 ogres
  19 centaurs
  Sigmund (D:4)
  Duvessa (D:4)
  A big kobold (D:14)
  25 giant frogs
  Blork the orc (D:6)
  A water moccasin zombie (D:7)
  5 insubstantial wisps (Swamp:1)
  A cyclops skeleton (D:13)
  2 gnoll sergeants
  3 scorpions
  18 wights
  A troll zombie (D:9)
  An eye of draining (D:15)
  10 killer bees
  A hippogriff skeleton (D:13)
  A quasit (D:14)
  10 crimson imps
  5 electric eels
  12 orc priests
  2 giant frog zombies
  2 goliath beetles
  A gnoll shaman (D:7)
  Crazy Yiuf (D:7)
  A giant frog skeleton (D:10)
  11 hounds
  6 jellies
  31 orc wizards
  3 centaur skeletons
  16 iguanas
  An orange rat (D:10)
  28 worker ants
  9 sheep
  Ijyb (D:6)
  Terence (D:2)
  13 gnolls
  48 green rats
  A scorpion zombie (D:6)
  29 adders
  2 giant mites
  A worm (D:2)
  An adder skeleton (D:4)
  8 giant geckos
  156 orcs
  5 giant cockroaches
  17 hobgoblins
  11 jackals
  21 quokkas
  A ball python (D:3)
  14 bats
  2 giant newts
  4 giant spores
  17 goblins
  A hobgoblin skeleton (D:8)
  A hobgoblin zombie (D:9)
  12 kobolds
  A kobold skeleton (D:6)
  6 orc skeletons
  12 orc zombies
  17 rats
  19 ballistomycetes
  5 briar patches (Swamp:2)
  A bush (Lair:8)
  A butterfly (Orc:4)
  59 fungi
  38 plants
1197 creatures vanquished.

Vanquished Creatures (collateral kills)
  A storm dragon (D:12)
  Gastronok (Orc:2)
  A hydra (Lair:5)
  An orc sorcerer (Orc:4)
  A komodo dragon (Lair:8)
  A water elemental (Orc:2)
  Dowan (D:4)
  An adder (D:4)
  An orc (Orc:2)
  A bat (Orc:2)
  A goblin (D:3)
11 creatures vanquished.

Vanquished Creatures (others)
  A deep elf conjurer (D:15)
  3 air elementals
  4 fire elementals
  An earth elemental (Orc:4)
  A lightning spire (Swamp:1)
  An orc (D:8)
  A giant gecko (D:6)
  2 giant spores
  A ballistomycete (D:9)
  A briar patch (Swamp:2)
  4 butterflies (D:13)
  4 fungi
  A plant (Lair:8)
25 creatures vanquished.

Grand Total: 1233 creatures vanquished
